 Dungeon Crawl Stone Soup version 0.23.2-1-ga50397a6bc (webtiles) character file.

Game seed: 6739085141998602886

121 Mrkan the Slasher (level 5, -3/43 HPs)
             Began as a Barachi Monk on May 22, 2019.
             Was a Believer of Ashenzari.
             Slain by Duvessa
             ... wielding a +0 rapier
              (7 damage)
             ... on level 4 of the Dungeon.
             The game lasted 00:04:40 (2436 turns).

Mrkan the Slasher (Barachi Monk)                    Turns: 2436, Time: 00:04:41

Health: -3/43      AC:  6    Str: 13    XL:     5   Next: 5%
Magic:  5/5        EV: 12    Int: 11    God:    Ashenzari [**....]
Gold:   199        SH:  0    Dex: 14    Spells: 4/4 levels left

rFire    + . .     SeeInvis .   a - +0 falchion
rCold    + . .     Gourm    .   (no shield)
rNeg     . . .     Faith    .   e - +0 ring mail {MR+}
rPois    .         Spirit   .   l - +0 helmet (curse)
rElec    .         Reflect  .   t - scarf {rC+ rF+}
rCorr    .         Harm     .   (no gloves)
MR       +....                  (no boots)
Stlth    +.........             (no amulet)
HPRegen  0.14/turn              (no ring)
MPRegen  0.09/turn              (no ring)

@: slow
A: +LOS, swims, slowness 1, strong legs 1
a: Hop, Curse Item, Scrying, Renounce Religion


You were on level 4 of the Dungeon.
You worshipped Ashenzari.
Ashenzari was pleased with you.
You were not hungry.

You visited 1 branch of the dungeon, and saw 4 of its levels.

You collected 199 gold pieces.

Inventory:

Hand Weapons
 a - a +0 falchion (weapon)
Missiles
 i - 2 javelins (quivered)
Armour
 e - a +0 ring mail of magic resistance (worn)
 l - a cursed +0 helmet (worn)
 t - a scarf of resistance (worn)
Jewellery
 d - an uncursed ring of poison resistance
 u - an uncursed amulet of regeneration
 x - a +3 ring of dexterity
Wands
 s - a wand of paralysis (6)
Scrolls
 b - a scroll of magic mapping {unknown}
 f - 3 scrolls of identify
 g - 2 scrolls of enchant armour {unknown}
 j - a scroll of noise {unknown}
 n - 2 scrolls of blinking {unknown}
 q - a scroll of fog {unknown}
 v - 2 scrolls of remove curse
Potions
 h - a potion of curing {unknown}
 k - a potion of ambrosia {unknown}
 m - 3 potions of brilliance {unknown}
 o - a potion of agility {unknown}
 p - a potion of might {unknown}
 r - 2 potions of resistance
 w - a potion of cancellation {unknown}
Comestibles
 c - 7 rations


   Skills:
 + Level 4.8 Fighting
 * Level 5.9 Long Blades
 - Level 3.2 Dodging
 - Level 1.7 Stealth


You had 4 spell levels left.
You didn't know any spells.
Your spell library was empty.

Dungeon Overview and Level Annotations

Branches:
Dungeon (4/15)
 Temple: D:4-7

Altars:
Ashenzari
Elyvilon

Annotations:
D:4 Dowan, Duvessa


Innate Abilities, Weirdness & Mutations

Shadows flee at your approach. (+LOS)
You can swim through water.
You cover ground slowly.
You can hop short distances.


Message History

The giant cockroach barely misses you. Duvessa barely misses you.
You hit Duvessa but do no damage.
Duvessa is moderately wounded.
Duvessa hits you with a +0 rapier.
* * * LOW HITPOINT WARNING * * *
The giant cockroach bites you but does no damage.
Duvessa hits you with a +0 rapier.
* * * LOW HITPOINT WARNING * * *
The giant cockroach misses you.
You riposte.
You hit the giant cockroach.
The giant cockroach is almost dead.
Okay, then.
You closely miss the giant cockroach.
The giant cockroach is almost dead.
Duvessa hits you with a +0 rapier.
* * * LOW HITPOINT WARNING * * *
The giant cockroach completely misses you.
You slash Duvessa!
Duvessa is heavily wounded.
Duvessa hits you with a +0 rapier!
You die... > * * * * * 8 * , **8 , , , * * , , .. * , > * ...$ , { { , ,, , .....a########* , , ....lSee@sZoO#

* *
,.....#######.########
.. ,* ,,#....O...# * ,
, , #........# *
#<.?...### * ,,
,#..[...... * , ,*
#......... ,
,#......... * *
#.........


You could see Duvessa, an ogre, Dowan, a worker ant, an adder, an orc, a leopard
gecko, a giant cockroach and a quokka skeleton.

Vanquished Creatures
  An orc wizard (D:3)
  2 adders
  An ooze (D:1)
  A worm (D:3)
  2 dart slugs (D:1)
  3 leopard geckos
  9 orcs (D:3)
  6 bats
  A giant cockroach (D:3)
  2 goblins
  6 hobgoblins
  5 jackals
  4 kobolds
  A quokka (D:2)
  4 frilled lizards (D:1)
  5 rats
53 creatures vanquished.

Notes
Turn   | Place    | Note
-------+----------+-------------------------------------------
     0 | D:1      | Mrkan the Barachi Monk began the quest for the Orb.
     0 | D:1      | Reached XP level 1. HP: 18/18 MP: 1/1
   110 | D:1      | Reached skill level 4 in Long Blades
   150 | D:1      | Reached XP level 2. HP: 25/25 MP: 2/2
   409 | D:1      | Reached XP level 3. HP: 19/30 MP: 3/3
  1181 | D:2      | Reached skill level 5 in Long Blades
  1304 | D:2      | Found a white marble altar of Elyvilon.
  1667 | D:3      | Reached XP level 4. HP: 37/38 MP: 4/4
  1765 | D:3      | Found a shattered altar of Ashenzari.
  1808 | D:3      | Became a worshipper of Ashenzari the Shackled
  1808 | D:3      | Reached * piety under Ashenzari
  1808 | D:3      | Reached ** piety under Ashenzari
  1982 | D:3      | Reached XP level 5. HP: 24/43 MP: 5/5
  2422 | D:4      | Noticed an ogre
  2425 | D:4      | Noticed Dowan
  2426 | D:4      | Noticed Duvessa
  2436 | D:4      | Slain by Duvessa

Skill      XL: |  1  2  3 |
---------------+----------+-----
Long Blades    | 4 5 |  5.9
Fighting       | 4 |  4.8
Dodging        | |  3.2
Stealth        | |  1.7

Action                   |  1- 3 |  4- 6 || total
-------------------------+-------+-------++-------
Melee: Falchion          |   137 |    77 ||   214
  Use: Scroll            |       |     1 ||     1
 Stab: Sleeping          |     2 |       ||     2
  Eat: Chunk             |     3 |     3 ||     6
Armor: Robe              |     5 |       ||     5
       Ring mail         |    42 |    25 ||    67
Dodge: Dodged            |    98 |    52 ||   150
       Rpst.: Falchion   |    25 |    17 ||    42
